 Dungeon Crawl Stone Soup version 0.32-a0-909-gc671339a80 (console) character file.

Game seed: 1753088232706333148

1180 jejorda2 the Poker (level 8, -3/100 HPs)
             Began as a Gnoll Berserker on Apr 6, 2024.
             Was an Elder of Trog.
             Slain by a gnoll
             ... wielding a +0 club
             ... led by a gnoll bouda
              (5 damage)
             ... on level 5 of the Dungeon.
             The game lasted 00:11:55 (5048 turns).

jejorda2 the Poker (Gnoll Berserker)                Turns: 5048, Time: 00:11:56

Health: -3/100     AC:  0    Str: 19    XL:     8   Next: 42%
Magic:  13/13      EV: 11    Int:  6    God:    Trog [****..]
Gold:   273        SH:  8    Dex: 12    Spells: 13/13 levels left

rFire   . . .        a - +5 spear (venom)
rCold   . . .        d - +0 kite shield
rNeg    . . .        (no body armour)
rPois   +            (no helmet)
rElec   .            (no cloak)
rCorr   .            (no gloves)
SInv    .            (no boots)
Will    .....        j - amulet of the acrobat Stlth
                     e - ring of poison resistance
HPRegen 0.36/turn    i - +4 ring of slaying
MPRegen 0.13/turn

%: acrobat
@: berserking (expiring), very quick
A: fangs 1, strong nose, distributed training
a: Renounce Religion, Berserk, Trog's Hand, Brothers in Arms


You were on level 5 of the Dungeon.
You worshipped Trog.
Trog was greatly pleased with you.
You visited 1 branch of the dungeon, and saw 5 of its levels.
You also visited: Sewer.

You collected 296 gold pieces.
You spent 23 gold pieces at shops.

Inventory:

Hand Weapons
 a - a +5 spear of venom (weapon)
 b - a +0 morningstar
 t - a +0 spear
Missiles
 c - 2 throwing nets
 k - 6 boomerangs (quivered)
Armour
 d - a +0 kite shield (worn)
 s - a +0 chain mail
 v - a +0 plate armour
Jewellery
 e - a ring of poison resistance (left hand)
 i - a +4 ring of slaying (right hand)
 j - an amulet of the acrobat (around neck)
 w - a ring of see invisible
Wands
 u - a wand of flame (8)
Scrolls
 f - 2 scrolls of fog {unknown}
 n - a scroll of blinking {unknown}
 o - 2 scrolls of enchant armour {unknown}
 p - a scroll of poison {unknown}
 q - 3 scrolls of brand weapon {unknown}
Potions
 g - 2 potions of lignification
 h - a potion of haste {unknown}
 l - 3 potions of curing
 m - 2 potions of might {unknown}
 r - a potion of invisibility {unknown}


   Skills:
 + Level 7.4 Fighting
 + Level 3.4 Short Blades
 + Level 3.4 Long Blades
 + Level 3.4 Axes
 + Level 3.4 Maces & Flails
 + Level 7.4 Polearms
 + Level 3.4 Staves
 + Level 3.4 Ranged Weapons
 + Level 3.4 Throwing
 + Level 5.7 Armour
 + Level 5.7 Dodging
 + Level 3.4 Stealth
 + Level 3.4 Shields
 + Level 3.4 Unarmed Combat
 + Level 3.4 Spellcasting
 + Level 2.7 Conjurations
 + Level 2.7 Hexes
 + Level 2.7 Summonings
 + Level 2.7 Necromancy
 + Level 2.7 Translocations
 + Level 2.7 Fire Magic
 + Level 2.7 Ice Magic
 + Level 2.7 Air Magic
 + Level 2.7 Earth Magic
 + Level 2.7 Alchemy
 + Level 3.7 Invocations
 + Level 3.4 Evocations
 + Level 3.1 Shapeshifting


You had 13 spell levels left.
You didn't know any spells.
Your spell library was empty.

Dungeon Overview and Level Annotations

Branches:
Dungeon (5/15)              Sewer (visited)
 Temple: D:4-7

Altars:
Ashenzari
Elyvilon
Xom
Yredelemnul
Zin

Shops:
D:2 *   D:3 *!


Innate Abilities, Weirdness & Mutations

You have very sharp teeth.
Your uncanny sense of smell can sniff out nearby items.
Your experience applies equally to all skills.


Message History

The gnoll closely misses you.
You barely miss the gnoll. The gnoll closely misses you.
You block the gnoll's attack.
You hit the gnoll.
The gnoll is poisoned.
The gnoll is moderately wounded.
You block the gnoll's attack.
Reach: a) +5 spear (venom)
Press: ? - help, Dir - move target, f - gnoll
Aim: a gnoll, wielding a +0 halberd (covering ground quickly, about 24% to evade your +5 spear of venom)
You reach to attack!
You puncture the gnoll!
The gnoll is poisoned.
The gnoll is severely wounded.
Your attacks no longer feel as feeble.
You block the gnoll's attack.
The gnoll hits you with a +1 flail of protection!
* * * LOW HITPOINT WARNING * * *
The gnoll hits you with a +0 club.
* * * LOW HITPOINT WARNING * * *
Reach: a) +5 spear (venom)
Press: ? - help, Dir - move target, f/p - gnoll
Aim: a gnoll, wielding a +0 halberd (almost dead, covering ground quickly, very poisoned, about 24% to evade your +5 spear of venom)
You reach to attack!
You puncture the gnoll!
You kill the gnoll!
Trog accepts your kill.
Unknown command.
You barely miss the gnoll. You block the gnoll's attack.
The gnoll hits you with a +0 club.
* * * LOW HITPOINT WARNING * * *
You puncture the gnoll!
The gnoll is poisoned.
The gnoll is severely wounded.
The gnoll is no longer moving quickly.
You block the gnoll's attack.
Press: ? - help, v - describe, . - travel
Here: a gnoll, wielding a +1 flail of protection (moderately wounded, covering ground quickly, very poisoned)
The floor.
Unknown command.
Unknown command.
You impale the gnoll!!
You kill the gnoll!
Trog accepts your kill. The gnoll hits you with a +0 club.
You die...

.............
..................
..................
........##...###..
#.......##...#####
##.................
#.)................
#..)...............
#g@)..........##)##
#.............##.).
#.............#..))
##.........[..#....
##.......##.).##...
#........##)####...
#........#..%.##...
#........#....##<..
#........#..)..#...


You could see a gnoll (very poisoned).

Vanquished Creatures
  Menkaure (D:5)
  A black bear (D:4)
  An ogre (D:5)
  2 bullfrogs (Sewer)
  A gnoll sergeant (D:5)
  2 scorpions (D:5)
  An orc priest (D:5)
  A gnoll bouda (D:5)
  2 hounds
  A sleepcap (D:4)
  Jessica (D:3)
  An iguana (D:5)
  2 orc wizards
  12 gnolls
  7 adders
  10 dart slugs
  3 ribbon worms (D:3)
  25 orcs
  13 ball pythons
  8 endoplasms
  10 giant cockroaches
  5 goblins
  9 hobgoblins
  5 kobolds
  5 quokkas
  5 bats
  9 frilled lizards
  9 rats
152 creatures vanquished.

Notes
Turn   | Place    | Note
-------+----------+-------------------------------------------
     0 | D:1      | jejorda2 the Gnoll Berserker began the quest for the Orb.
     0 | D:1      | Reached XP level 1. HP: 23/23 MP: 1/1
   143 | D:1      | Reached XP level 2. HP: 28/29 MP: 2/2
   669 | D:1      | Reached XP level 3. HP: 34/35 MP: 3/3
   791 | D:1      | Reached ** piety under Trog
   994 | D:2      | Found Muoh Tawk's Assorted Antiques.
  1003 | D:2      | Bought a green potion for 23 gold pieces
  1146 | D:2      | Found a faded altar of an unknown god.
  1240 | D:2      | Reached skill level 1 in Invocations
  1533 | D:2      | Reached skill level 1 in Short Blades
  1533 | D:2      | Reached skill level 1 in Long Blades
  1533 | D:2      | Reached skill level 1 in Axes
  1533 | D:2      | Reached skill level 1 in Maces & Flails
  1533 | D:2      | Reached skill level 1 in Staves
  1533 | D:2      | Reached skill level 1 in Ranged Weapons
  1533 | D:2      | Reached skill level 1 in Throwing
  1533 | D:2      | Reached skill level 1 in Stealth
  1533 | D:2      | Reached skill level 1 in Shields
  1533 | D:2      | Reached skill level 1 in Unarmed Combat
  1533 | D:2      | Reached skill level 1 in Spellcasting
  1533 | D:2      | Reached skill level 1 in Evocations
  1851 | D:3      | Reached skill level 1 in Shapeshifting
  1851 | D:3      | Reached XP level 4. HP: 41/41 MP: 5/5
  1868 | D:3      | Noticed Jessica
  1872 | D:3      | Killed Jessica
  1873 | D:3      | Reached skill level 1 in Conjurations
  1873 | D:3      | Reached skill level 1 in Hexes
  1873 | D:3      | Reached skill level 1 in Summonings
  1873 | D:3      | Reached skill level 1 in Necromancy
  1873 | D:3      | Reached skill level 1 in Translocations
  1873 | D:3      | Reached skill level 1 in Fire Magic
  1873 | D:3      | Reached skill level 1 in Ice Magic
  1873 | D:3      | Reached skill level 1 in Air Magic
  1873 | D:3      | Reached skill level 1 in Earth Magic
  1873 | D:3      | Reached skill level 1 in Alchemy
  1970 | D:3      | Found a glowing drain.
  1997 | Sewer    | Entered a sewer
  2018 | Sewer    | Reached XP level 5. HP: 47/47 MP: 5/7
  2191 | Sewer    | Reached *** piety under Trog
  2240 | Sewer    | Reached skill level 5 in Armour
  2240 | Sewer    | Reached skill level 5 in Dodging
  2240 | Sewer    | Reached XP level 6. HP: 27/53 MP: 3/9
  3102 | D:3      | Found a shimmering altar of Xom.
  3119 | D:3      | Found Zin's Purification Station.
  3147 | D:3      | Found a glowing silver altar of Zin.
  3157 | D:3      | Found Nycki's Distillery.
  3667 | D:4      | Found a white marble altar of Elyvilon.
  3752 | D:4      | Reached XP level 7. HP: 59/60 MP: 10/10
  4222 | D:5      | Entered Level 5 of the Dungeon
  4290 | D:5      | Noticed Menkaure
  4307 | D:5      | Killed Menkaure
  4307 | D:5      | Reached **** piety under Trog
  4599 | D:5      | Reached XP level 8. HP: 49/67 MP: 12/12
  4815 | D:5      | Found a basalt altar of Yredelemnul.
  4851 | D:5      | Found a broken altar of Ashenzari.
  5046 | D:5      | HP: 2/100 [gnoll/+0 club[a gnoll bouda] (5)]
  5048 | D:5      | Slain by a gnoll

Illustrated notes

Levels and vault maps discovered:
D:1:      saegor_arrival_fortress, layout_basic, minmay_3d_cube
D:2:      layout_loops_corners, serial_shops, shop,
          shapermc_ecumenical_altar_flowoftime
D:3:      layout_loops_cross, zin_purify, amcnicky_altar_gilded,
          portal_sewer_entry_a, serial_shops, nicolae_shop_tiny_glass,
          minmay_statues_item, kennysheep_cluttered_room,
          nicolae_kite_square_tiling_tiny, grunt_ministairs_2, uniq_jessica
D:4:      wad_lake_hut, layout_cave_pools, elyvilon_altar_1
D:5:      layout_gridville, mainiacjoe_overflow_big_doors, uniq_menkaure

Skill      XL: |  1  2  3  4  5  6  7  8 |
---------------+-------------------------+-----
Invocations    | 1 2 3 |  3.7
Short Blades   | 1 2 3 |  3.4
Long Blades    | 1 2 3 |  3.4
Axes           | 1 2 3 |  3.4
Maces & Flails | 1 2 3 |  3.4
Staves         | 1 2 3 |  3.4
Ranged Weapons | 1 2 3 |  3.4
Throwing       | 1 2 3 |  3.4
Stealth        | 1 2 3 |  3.4
Shields        | 1 2 3 |  3.4
Unarmed Combat | 1 2 3 |  3.4
Spellcasting   | 1 2 3 |  3.4
Evocations     | 1 2 3 |  3.4
Shapeshifting  | 1 2 3 |  3.1
Conjurations   | 1 2 |  2.7
Hexes          | 1 2 |  2.7
Summonings     | 1 2 |  2.7
Necromancy     | 1 2 |  2.7
Translocations | 1 2 |  2.7
Fire Magic     | 1 2 |  2.7
Ice Magic      | 1 2 |  2.7
Air Magic      | 1 2 |  2.7
Earth Magic    | 1 2 |  2.7
Alchemy        | 1 2 |  2.7
Armour         | 5 |  5.7
Dodging        | 5 |  5.7
Fighting       | 7 |  7.4
Polearms       | 7 |  7.4

Action                     |  1- 3 |  4- 6 |  7- 9 || total
---------------------------+-------+-------+-------++-------
  Melee: Spear             |    74 |    52 |   126 ||   252
         Bite              |    13 |    17 |    13 ||    43
         Morningstar       |    62 |   179 |       ||   241
  Throw: Boomerang         |       |       |     1 ||     1
 Invoke: Trog's Hand       |       |     3 |     1 ||     4
         Berserk           |       |     2 |     3 ||     5
    Use: Scroll            |       |     8 |       ||     8
   Stab: Sleeping          |       |     1 |     2 ||     3
 Armour: Ring mail         |    58 |   204 |     2 ||   264
         Animal skin       |     4 |       |       ||     4
         Chain mail        |       |       |    50 ||    50
         Skin              |       |       |    11 ||    11
  Dodge: Dodged            |    58 |   118 |    32 ||   208
  Block: Kite shield       |    40 |   124 |    38 ||   202

Table legend: (Time is in decaauts)
 A = Elapsed time spent in this place.
 B = Non-inter-level travel time spent in this place.
 C = Inter-level travel time spent in this place.
 D = Time resting spent in this place.
 E = Time spent auto-exploring this place.
 F = Levels seen in this place.
 G = Mean time per level.
                   A        B        C        D        E       F      G
               +--------+--------+--------+--------+--------+-----+--------+
         Total |   5330 |   5216 |    114 |    316 |   3599 |   6 |  888.3 |
       Dungeon |   4495 |   4381 |    114 |    189 |   3229 |   5 |  899.0 |
         Sewer |    835 |    835 |      0 |    127 |    370 |   1 |  835.0 |
               +--------+--------+--------+--------+--------+-----+--------+

Top non-repeatable levels by time:
     D:3: 976 daAuts
     D:1: 972 daAuts
     D:2: 906 daAuts
   Sewer: 835 daAuts
     D:5: 830 daAuts
     D:4: 810 daAuts
